 Dungeon Crawl Stone Soup version 0.24-a0-416-g56ce5178b7 (webtiles) character file.

Game seed: 15011787594504376902

516 KristoblXynda the Ducker (level 7, 28/28 HPs)
             Began as a Felid Artificer on June 9, 2019.
             Was a Believer of Nemelex Xobeh.
             Got out of the dungeon alive.
             The game lasted 00:13:28 (7394 turns).

KristoblXynda the Ducker (Felid Artificer)          Turns: 7394, Time: 00:13:29

Health: 28/28      AC:  2    Str:  9    XL:     7   Next: 0%
Magic:  11/11      EV: 22    Int: 14    God:    Nemelex Xobeh [**....]
Gold:   227        SH:  0    Dex: 16    Spells: 3/6 levels left
                                        Lives:  1   Deaths: 1

rFire    . . .     SeeInvis +     - Unarmed
rCold    . . .     Gourm    .   (shield unavailable)
rNeg     + . .     Faith    .   (armour unavailable)
rPois    .         Spirit   .   (helmet unavailable)
rElec    .         Reflect  .   (cloak unavailable)
rCorr    .         Harm     .   (gloves unavailable)
MR       +....                  (boots unavailable)
Stlth    +++.......             (no amulet)
HPRegen  0.09/turn              r - ring of wizardry
MPRegen  0.12/turn              z - ring of positive energy

@: quick
A: very small, no armour, no weapons or thrown items, stealth, claws 1, fangs 3,
see invisible, carnivore, speed 1, shaggy fur 2, slow metabolism 1, sharp paws
a: Draw Escape, Draw Destruction, Draw Summoning, Renounce Religion


You escaped.
You worshipped Nemelex Xobeh.
Nemelex Xobeh was pleased with you.
You were not hungry.

You visited 1 branch of the dungeon, and saw 6 of its levels.

You collected 227 gold pieces.

Inventory:

Jewellery
 r - a ring of wizardry (left paw)
 y - an uncursed ring of flight
 z - a ring of positive energy (right paw)
Wands
 b - a wand of enslavement (15)
 c - a wand of random effects (3)
 m - a wand of digging (6)
 t - a wand of paralysis (9)
Scrolls
 a - 2 scrolls of immolation {unknown}
 f - 3 scrolls of magic mapping
 g - a scroll of fear {unknown}
 i - a scroll of enchant weapon {unknown}
 l - 5 scrolls of remove curse {unknown}
 p - a scroll of teleportation {unknown}
Potions
 e - 2 potions of magic
 h - a potion of berserk rage
 j - 2 potions of agility
 k - a potion of resistance {unknown}
 n - a potion of heal wounds
 o - a potion of flight {unknown}
 q - 3 potions of haste
 s - 2 potions of ambrosia {unknown}
 v - a potion of mutation {unknown}
 w - a potion of degeneration {unknown}
 x - a potion of invisibility
Comestibles
 d - 13 rations


   Skills:
 - Level 1.0 Fighting
 + Level 6.5 Dodging
 - Level 4.1 Stealth
 + Level 4.6 Unarmed Combat
 + Level 3.2 Charms
 + Level 3.4 Invocations
 - Level 5.0 Evocations


You had 3 spell levels left.
You knew the following spells:

 Your Spells              Type           Power        Failure   Level  Hunger
a - Regeneration          Chrm/Necr      #.........   17%         3    ####...

Your spell library contained the following spells:

 Spells                   Type           Power        Failure   Level  Hunger
 Animate Skeleton         Necr           N/A          12%         1    ##.....
 Beastly Appendage        Tmut           #.....       12%         1    ##.....
 Corona                   Hex            #......      12%         1    ##.....
 Pain                     Necr           #...         12%         1    ##.....
 Ensorcelled Hibernation  Hex/Ice        #.....       17%         2    ###....
 Sticks to Snakes         Tmut           #.......     17%         2    ###....
 Confuse                  Hex            #.......     32%         3    ####...
 Dazzling Spray           Conj/Hex       #.....       32%         3    ####...
 Spider Form              Tmut/Pois      #.........   32%         3    ####...
 Tukima's Dance           Hex            #.......     32%         3    ####...
 Vampiric Draining        Necr           #.........   32%         3    ####...
 Animate Dead             Necr           N/A          71%         4    #####..
 Ice Form                 Ice/Tmut       #.......     71%         4    #####..
 Blade Hands              Tmut           #.........   95%         5    ######.


Dungeon Overview and Level Annotations

Branches:
Dungeon (6/15)
 Temple: D:4-7

Altars:
Gozag
Nemelex Xobeh
Beogh

Shops:
D:4 *

Annotations:
D:4 , 3 runed translucent doors, wilfster70's ghost, novice DsGl
D:5 3 runed translucent doors, vogonpoet's ghost, amateur GrWn


Innate Abilities, Weirdness & Mutations

You cannot wear armour.
You are incapable of wielding weapons or throwing items.
Your paws allow you to move quietly. (Stealth)
You have sharp claws.
You have razor-sharp teeth.
You have supernaturally acute eyesight. (SInv)
You are carnivorous and can eat meat at any time.
You cover ground quickly.
You are covered in thick fur. (AC +2)
You have a slow metabolism.
Your sharp claws are effective at attacking unaware monsters.


Message History

There is an open door here.
There is an open door here.
There is a stone staircase leading up here.
You climb upwards.
Level annotation: , 3 runed translucent doors, wilfster70's ghost, novice DsGl
There is a stone staircase leading down here.
There is a stone staircase leading up here.
You climb upwards.
There is a stone staircase leading down here.
There is a stone staircase leading up here.
You climb upwards.
There is a stone staircase leading down here.
There is a stone staircase leading up here.
You climb upwards.
There is a stone staircase leading down here.
You see here a club.
There is an open door here.
There is a staircase leading out of the dungeon here.
Are you sure you want to leave the Dungeon?
This will make you lose the game!
You have escaped!

♣.♣ #.####.##.#
#####♣.♣ #.# #.##.##
#.)..♣.♣ #.# #.##...
#.###..# #)# #.##.##
#.####.#####.# #.##.##
#.#≈§≈§§≈§#..# #.##...
#.'§§≈≈≈≈.'..# #....).
#.#≈§§...≈#.## ####.##
#.#≈≈.@.≈≈#.# #.#
#.#≈.....≈#.# #.##
#.+.≈≈≈≈≈.'.# #..#
###≈≈≈.≈§≈#.########...
####.####............
#.####.##..####..#
######...##.##♣.♣ #..#
#########.........#.#
#.# #...
#.[.......♣♣≈.......#
♣.♣ ##.#


There were no monsters in sight!

Vanquished Creatures
  A centaur (D:6)
  3 ogres
  A bullfrog (D:6)
  A scorpion (D:5)
  A bullfrog zombie (D:6)
  5 crimson imps
  Crazy Yiuf (D:3)
  2 orc priests (D:4)
  A hound (D:5)
  A bullfrog skeleton (D:4)
  Ijyb (D:3)
  A hound skeleton (D:5)
  A worker ant zombie (D:2)
  4 adders
  A shadow imp (D:6)
  An ooze (D:1)
  3 worms (D:2)
  4 dart slugs
  2 leopard geckos
  13 orcs
  11 bats
  4 giant cockroaches
  4 hobgoblins
  9 jackals
  8 kobolds
  A quokka (D:5)
  A ball python (D:4)
  3 frilled lizards
  6 goblins
  A leopard gecko skeleton (D:4)
  8 rats
104 creatures vanquished.

Notes
Turn   | Place    | Note
-------+----------+-------------------------------------------
     0 | D:1      | KristoblXynda the Felid Artificer began the quest for the
                  | Orb.
     0 | D:1      | Reached XP level 1. HP: 9/9 MP: 4/4
    87 | D:1      | Reached skill level 3 in Dodging
    88 | D:1      | Reached XP level 2. HP: 3/12 MP: 5/5
   893 | D:1      | Reached XP level 3. HP: 15/15 MP: 6/6
  1801 | D:2      | Found a sparkling altar of Nemelex Xobeh.
  1827 | D:2      | Became a worshipper of Nemelex Xobeh the Trickster
  1935 | D:2      | Received a gift from Nemelex Xobeh
  2007 | D:2      | Reached XP level 4. HP: 11/19 MP: 7/7
  3609 | D:3      | Reached skill level 4 in Dodging
  3721 | D:3      | Found a runed translucent door.
  3722 | D:3      | Noticed Crazy Yiuf
  3890 | D:3      | Noticed Ijyb
  3912 | D:3      | Killed Ijyb
  3912 | D:3      | Reached XP level 5. HP: 6/22 MP: 9/9
  4553 | D:3      | Killed Crazy Yiuf
  4806 | D:4      | Found a transporter.
  5022 | D:4      | Found a runed translucent gate.
  5022 | D:4      | Found a runed translucent gate.
  5022 | D:4      | Found an opulent altar of Gozag.
  5023 | D:4      | Found a runed translucent gate.
  5032 | D:4      | Noticed wilfster70's ghost (novice DsGl)
  5034 | D:4      | Noticed an ogre
  5056 | D:4      | Killed an ogre
  5056 | D:4      | Reached skill level 1 in Invocations
  5056 | D:4      | Gained mutation: You are covered in thick fur. (AC +2)
                  | [Felid growth]
  5056 | D:4      | Reached XP level 6. HP: 25/25 MP: 10/10
  5119 | D:4      | Reached skill level 5 in Dodging
  5119 | D:4      | Reached skill level 5 in Evocations
  5363 | D:4      | Reached * piety under Nemelex Xobeh
  5383 | D:4      | Found a transporter.
  5400 | D:4      | Found Vuebbiyrr's Assorted Antiques.
  5567 | D:4      | Learned a level 3 spell: Regeneration
  5646 | D:5      | Entered Level 5 of the Dungeon
  5759 | D:5      | Received a gift from Nemelex Xobeh
  5801 | D:5      | Reached skill level 1 in Charms
  5801 | D:5      | Reached XP level 7. HP: 26/28 MP: 11/11
  6099 | D:5      | Found a runed translucent gate.
  6099 | D:5      | Found a runed translucent gate.
  6099 | D:5      | Found a runed translucent gate.
  6100 | D:5      | Noticed vogonpoet's ghost (amateur GrWn)
  6101 | D:5      | Found a roughly hewn altar of Beogh.
  6111 | D:5      | Reached ** piety under Nemelex Xobeh
  6669 | D:6      | Reached skill level 6 in Dodging
  7270 | D:6      | Reached XP level 8. HP: 11/32 MP: 12/12
  7280 | D:6      | Slain by an ogre
  7281 | D:6      | Reached XP level 7. HP: 0/28 MP: 11/11
  7394 | D:$      | Got out of the dungeon alive.

Levels and vault maps discovered:
D:1:      ncdulo_lavacross, layout_loops_ring, serial_forest,
          infiniplex_forest_lined_1, infiniplex_forest_lined_3,
          infiniplex_forest_straight_3, infiniplex_forest_corner_2,
          infiniplex_forest_straight_2, infiniplex_forest_clump_medium,
          infiniplex_forest_diagonal, infiniplex_forest_end_double,
          infiniplex_forest_clump_C, serial_bayou_lagoon_b
D:2:      layout_basic, lemuel_doored_altar, grunt_ministairs_15
D:3:      layout_basic, uniq_ijyb, uniq_crazy_yiuf_cottage
D:4:      gammafunk_wand_slinger, layout_rooms, serial_shops, kennysheep_mini,
          ebering_ghost_gozag, kennysheep_generic_room_3
D:5:      layout_gridville, first_ration, biasface_ghost_orc_armoury,
          grunt_decor_arrowhead
D:6:      layout_basic, temple_statues, serial_shops, shop, wad_floor_pattern_2,
          uniq_pikel

Skill      XL: |  1  2  3  4  5  6  7 |
---------------+----------------------+-----
Dodging        | 3 4 5 6 |  6.5
Stealth        | 2 3 4 |  4.1
Unarmed Combat | 2 3 4 |  4.6
Evocations     | 4 5 |  5.0
Invocations    | 1 2 3 |  3.4
Charms         | 1 3 |  3.2
Fighting       | |  1.0

Action                   |  1- 3 |  4- 6 |  7- 9 || total
-------------------------+-------+-------+-------++-------
Melee: Unarmed           |   116 |   197 |    96 ||   409
       Bite              |    19 |    23 |     9 ||    51
       Punch             |     1 |     1 |     1 ||     3
 Abil: Draw Escape       |       |     1 |       ||     1
       Draw Destruction  |       |     1 |       ||     1
Evoke: Wand              |     6 |    20 |     3 ||    29
  Use: Scroll            |       |     3 |     3 ||     6
       Potion            |       |     1 |       ||     1
 Stab: Sleeping          |    10 |     9 |     5 ||    24
       Distracted        |     2 |       |       ||     2
       Paralysed         |       |       |     2 ||     2
  Eat: Chunk             |     9 |     7 |     3 ||    19
Armor: Skin              |     2 |     4 |       ||     6
Dodge: Dodged            |    91 |   160 |    73 ||   324

Table legend:
 A = Non-vault XP
 B = Vault XP
 C = Vault XP percentage of total XP
 D = Non-vault monster count
 E = Vault monster count
 F = Vault count percentage of total count
                 A         B        C        D         E       F
            +---------+---------+-------+---------+---------+-------
      Total |    1301 |     135 |   9.4 |      98 |       6 |   5.8
            +---------+---------+-------+---------+---------+-------
        D:1 |      46 |       0 |   0.0 |      24 |       0 |   0.0
        D:2 |      57 |      14 |  19.7 |      20 |       2 |   9.1
        D:3 |      49 |      79 |  61.7 |      23 |       2 |   8.0
        D:4 |     377 |      42 |  10.0 |      13 |       2 |  13.3
        D:5 |     336 |       0 |   0.0 |      12 |       0 |   0.0
        D:6 |     436 |       0 |   0.0 |       6 |       0 |   0.0
            +---------+---------+-------+---------+---------+-------
